 Dungeon Sprint DCSS version 0.28.0-43-g3370ac3207 (webtiles) character file.

Game seed: 2890701500690356505

57303 boopmooplesden the Conqueror (level 14, -12/252 HPs)
             Began as a Minotaur Berserker on Mar 11, 2022.
             Was the Champion of Trog.
             Killed from afar by Gloorx Vloq (14 damage)
             ... with a foul vapour
             ... in the Dungeon (Sprint II: "The Violet Keep of Menkaure").
             The game lasted 00:28:30 (6628 turns).

boopmooplesden the Conqueror (Minotaur Berserker)   Turns: 6628, Time: 00:28:31

Health: -12/252    AC: 47    Str: 28      XL:     14   Next: 45%
Magic:  13/13      EV: 14    Int:  3 (4)  God:    Trog [******]
Gold:   3511       SH:  5    Dex: 14 (15) Spells: 13/13 levels left

rFire   + + +      SeeInvis +   P - +4 executioner's axe (vorpal)
rCold   + + .      Faith    .   (shield currently unavailable)
rNeg    + + +      Spirit   .   Q - +11 crystal plate armour "Tuvoun" {rN+ rCorr Dex+3}
rPois   +          Reflect  +   k - +2 hat
rElec   +          Harm     .   S - +2 cloak of Agnosticism {-Cast rF+++ rN+}
rCorr   +          Rampage  .   G - +1 pair of gloves {Str+3}
Will    ++...      NoTele   +   W - +1 pair of boots {Stlth+}
Stlth   .......... NoCast   +   w - amulet "Cigad" {Reflect +Inv rF+ rN+ SH+5}
HPRegen 0.52/turn               x - ring of Anukaoni {rElec rPois rC+ Str-2}
MPRegen 0.13/turn               H - ring of Dogma {Ice rN+++ rCorr SInv Stlth-}

@: berserking, lethally poisoned (-12 -> -51), slowed, studying Stealth, unable
to read
A: horns 2, retaliatory headbutt, agile 1, deterioration 2, strong-willed 1,
wild magic 1, inability to read while threatened, sturdy frame 1
a: Renounce Religion, Evoke Invisibility, Berserk, Trog's Hand, Brothers in Arms


You were in the Dungeon.
You worshipped Trog.
Trog was exalted by your worship.
You visited 1 branch You collected 6169 gold pieces.
You spent 2658 gold pieces at shops.

Inventory:

Hand Weapons
 a - a +0 hand axe
 b - a +7 antimagic battleaxe
 i - a +0 executioner's axe
 l - a +1 spectral broad axe
 m - a +4 long sword of holy wrath
 y - a +3 hand axe
 J - the +10 trident of Discord {holy, Will+}
   (You found it in the Dungeon)

   It has been blessed by the Shining One to cause great damage to the undead
   and demons.
   Will:      It increases your willpower.
 P - a +4 vorpal executioner's axe (weapon)
Missiles
 p - 6 javelins (quivered)
Armour
 j - the +1 ring mail "Domaucvaruv" {Fly rPois MP+9}
   (You bought it in a shop in the Dungeon)

   rPois:     It protects you from poison.
   MP:        It affects your magic capacity (+9).
   Fly:       It grants you flight.
 k - a +2 hat (worn)
 o - a +2 scale mail of fire resistance
 q - a +2 buckler
 s - the +1 leather armour of Protective Custody {rF+ rC+ Will- Dex+2}
   (You bought it in a shop in the Dungeon)

   Dex:       It affects your dexterity (+2).
   rF:        It protects you from fire.
   rC:        It protects you from cold.
   Will:      It decreases your willpower.
 t - a +0 cloak
 u - a +2 pair of gloves
 G - a +1 pair of gloves of strength (worn)
 N - a +0 cloak of stealth
 O - +0 storm dragon scales
 Q - the +11 crystal plate armour "Tuvoun" (worn) {rN+ rCorr Dex+3}
   (You acquired it in the Dungeon)

   Dex:       It affects your dexterity (+3).
   rN:        It protects you from negative energy.
   rCorr:     It protects you from acid and corrosion.
 S - the +2 cloak of Agnosticism (worn) {-Cast rF+++ rN+}
   (You acquired it in the Dungeon)

   rF:        It renders you almost immune to fire.
   rN:        It protects you from negative energy.
   -Cast:     It prevents spellcasting.
 W - a +1 pair of boots of stealth (worn)
Jewellery
 w - the amulet "Cigad" (around neck) {Reflect +Inv rF+ rN+ SH+5}
   (You found it in the Dungeon)

   [amulet of reflection]

   It reflects blocked missile attacks.
   rF:        It protects you from fire.
   rN:        It protects you from negative energy.
   +Inv:      It lets you turn invisible.
   SH:        It affects your SH (+5).
 x - the ring of Anukaoni (left hand) {rElec rPois rC+ Str-2}
   (You bought it in a shop in the Dungeon)

   [ring of protection from cold]

   Str:       It affects your strength (-2).
   rC:        It protects you from cold.
   rElec:     It insulates you from electricity.
   rPois:     It protects you from poison.
 z - the ring of Shadows {Umbra +Inv Stlth+}
   (You bought it in a shop in the Dungeon)

   [ring of stealth]

   It surrounds you with an aura of shadow, increasing your stealth and reducing
   the accuracy of all others within it.
   +Inv:      It lets you turn invisible.
   Stlth:     It makes you more stealthy.
 B - a +6 ring of strength
 C - a ring of poison resistance
 D - an amulet of regeneration
 E - a +6 ring of intelligence
 F - a ring of protection from fire
 H - the ring of Dogma (right hand) {Ice rN+++ rCorr SInv Stlth-}
   (You acquired it in the Dungeon)

   [ring of ice]

   It enhances your ice magic.
   rF:        It makes you vulnerable to fire.
   rC:        It protects you from cold.
   rN:        It renders you almost immune to negative energy.
   SInv:      It lets you see invisible.
   rCorr:     It protects you from acid and corrosion.
   Stlth:     It makes you less stealthy.
 I - a +4 ring of protection
 R - the amulet "Decuill" {Spirit rN++ MP+9}
   (You acquired it in the Dungeon)

   [amulet of guardian spirit]

   It causes incoming damage to be divided between your reserves of health and
   magic.
   rN:        It greatly protects you from negative energy.
   MP:        It affects your magic capacity (+9).
 U - an amulet of faith
 V - a ring of protection from fire
Scrolls
 h - 2 scrolls of blinking
 r - 2 scrolls of identify
 v - a scroll of immolation
 K - 2 scrolls of enchant armour {unknown}
 X - a scroll of fog {unknown}
 Y - 3 scrolls of acquirement
Potions
 c - 5 potions of curing
 d - a potion of ambrosia {unknown}
 e - 12 potions of haste
 f - 14 potions of magic
 g - a potion of berserk rage
 n - 2 potions of might {unknown}
 A - 18 potions of mutation
 L - a potion of attraction {unknown}
 M - a potion of invisibility {unknown}
 T - 4 potions of flight


   Skills:
 O Level 27 Fighting
 + Level 26.2(26.4) Axes
 + Level 6.8(18.6) Polearms
 + Level 1.7 Throwing
 + Level 17.9 Armour
 + Level 16.5 Dodging
 + Level 10.0 Stealth
 + Level 13.6 Shields


You had 13 spell levels left.
You didn't know any spells.
Your spell library was empty.

Dungeon Overview and Level Annotations

Branches:
Dungeon (1/1)

Altars:
Cheibriados
Dithmenos
Elyvilon
Fedhas
Gozag
Hepliaklqana
Kikubaaqudgha
Makhleb
Nemelex Xobeh
Okawaru
Qazlal
Ru
Sif Muna
Trog
Uskayaw
Vehumet
Wu Jian
Xom
Yredelemnul
Zin
The Shining One
Beogh
Jiyva
Lugonu

Shops:
D [=[:[*(::*[:[:(=:==[!=(?!!::=*(*!::*

Annotations:
D Gloorx Vloq


Innate Abilities, Weirdness & Mutations

You have a pair of horns on your head.
You reflexively headbutt those who attack you in melee.
You are agile. (Dex +2)
Your body often deteriorates upon taking damage.
You are strong-willed. (Will+)
Your spells are a little harder to cast, but a little more powerful.
You sometimes lose the ability to read scrolls when taking damage.
Your movements are slightly less encumbered by armour. (ER -2)


Message History

The emperor scorpion seems to slow down.
Gloorx Vloq gestures at you.
The poison arrow hits you but does no damage.
You are lethally poisoned!
You slash Gloorx Vloq!
Gloorx Vloq is almost dead.
You hit the deathcap. You completely miss the Executioner.
You slash the wandering mushroom!
You slice the wandering mushroom like a ripe choko!!!
You destroy the wandering mushroom!
The wandering mushroom disappears in a puff of smoke!
You are engulfed in dark miasma.
You feel as though you will be slow longer.
* * * LOW HITPOINT WARNING * * *
x2 You feel very sick.
The Executioner disappears in a puff of smoke!
The wandering mushroom is engulfed in dark miasma.
The wandering mushroom releases spores at you but does no damage.
The deathcap releases spores at you but does no damage.
The Executioner gestures.
The Executioner seems to speed up.
Gloorx Vloq hits you.
* * * LOW HITPOINT WARNING * * *
You barely miss Gloorx Vloq.
Gloorx Vloq is almost dead.
You slice the deathcap!!
You destroy the deathcap!
The deathcap disappears in a puff of smoke!
You slash the Executioner! You slice the wandering mushroom!!
You destroy the wandering mushroom!
The wandering mushroom disappears in a puff of smoke!
You slice the Executioner like a ripe choko!!!
You are engulfed in dark miasma.
* * * LOW HITPOINT WARNING * * *
x2 You feel very sick.
The Executioner hits you but does no damage. x2
The Executioner barely misses you. Gloorx Vloq gestures at you.
The foul vapour engulfs you!
You are more poisoned.
You die... ###### ##### #[)[)# ▓▓▓ * * .÷..###.:).##▓ M.+ .####.[......▓ s.▓ '####........▓, ss▓ ▓▓▓ §§≈§##⌠)..†#'▓▓ sz▓

..▓ ≈§≈§§##.††.#..▓▓▓&▓▓▓▓.▓
§§§§§§##')##.○○°@11▓0..▓ **
≈≈§§≈##≈...###.#1§.▓▓▓▓▓▓▓▓▓▓ ▓▓▓
≈≈§§##)≈.....#.#°°.▓≈≈≈≈≈§≈§▓▓▓..
#+++#####÷...#)##°°▓▓▓▓▓▓▓▓▓▓▓▓†▓
..§..#..÷....#..#°°▓...)..((▓▓)).
'##..#..####.#..#°°▓[..:...(▓▓.).
####.####..'.##.#:}▓.....())▓▓...
#..#....#..#...####▓[....(.:▓▓...
..####..#####)^##.#▓..([.)..▓▓...


You could see Gloorx Vloq, a royal mummy, 4 emperor scorpions, a curse toe and 3
Executioners.

Vanquished Creatures
  the Lernaean hydra (D)
  2 golden dragons (D)
  A bone dragon (D)
  An electric golem (D)
  A hellephant (D)
  A deep elf blademaster (D)
  A deep elf master archer (D)
  A kraken (D)
  Gastronok (D)
  2 storm dragons (D)
  Kirke (D)
  A draconian knight (D)
  A frost giant (D)
  A cacodemon (D)
  A draconian shifter (D)
  Nessos (D)
  A dire elephant (D)
  An iron golem (D)
  A crystal guardian (D)
  A yaktaur captain (D)
  A great orb of eyes (D)
  A deep elf high priest (D)
  An ice dragon (D)
  A centaur warrior (D)
  2 hell hogs (D)
  An iron elemental (D)
  A death yak (D)
  Sonja (D)
  3 sixfirhies (D)
  A skeletal warrior (D)
  2 deep trolls (D)
  2 death drakes (D)
  An orange crystal statue (D)
  An obsidian statue (D)
  A glowing orange brain (D)
  A harpy (D)
  An oklob plant (D)
  15 shining eyes (D)
  3 manticores (D)
  3 orc sorcerers (D)
  2 slime creatures (D)
  A merfolk siren (D)
  3 toenail golems (D)
  An elephant (D)
  An eye of devastation (D)
  An ice statue (D)
  2 cane toads (D)
  2 unseen horrors (D)
  A kobold demonologist (D)
  A yaktaur (D)
  5 polar bears (D)
  A hornet (D)
  A blink frog (D)
  18 flying skulls (D)
  7 wyverns (D)
  3 yaks (D)
  4 neqoxecs (D)
  2 redbacks (D)
  Menkaure (D)
  3 water moccasins (D)
  10 floating eyes (D)
  2 swamp drakes (D)
  3 black bears (D)
  A necrophage (D)
  2 earth elementals (D)
  4 scorpions (D)
  4 lava snakes (D)
  A jelly (D)
  An iron imp (D)
  4 orc priests (D)
  2 spectral adders (D)
  2 tentacles (D)
161 creatures vanquished.

Vanquished Creatures (others)
  A golden eye (D)
  A water moccasin (D)
  12 tentacles (D)
14 creatures vanquished.

Grand Total: 175 creatures vanquished

Notes
Turn   | Place    | Note
-------+----------+-------------------------------------------
     0 | D        | boopmooplesden the Minotaur Berserker began the quest for
                  | the Orb.
     0 | D        | Reached XP level 1. HP: 19/19 MP: 0/0
     1 | D        | Noticed a wyvern
     1 | D        | Noticed a wyvern
     7 | D        | Killed a wyvern
     8 | D        | Reached skill level 8 in Fighting
     8 | D        | Reached XP level 2. HP: 24/36 MP: 1/1
     8 | D        | Reached XP level 3. HP: 27/41 MP: 2/2
     8 | D        | Reached XP level 4. HP: 32/49 MP: 3/3
     8 | D        | Reached XP level 5. HP: 37/56 MP: 4/4
    12 | D        | Killed a wyvern
    13 | D        | Reached skill level 10 in Fighting
    13 | D        | Reached skill level 10 in Axes
    13 | D        | Reached skill level 5 in Armour
    13 | D        | Reached XP level 6. HP: 22/67 MP: 5/5
   251 | D        | Noticed a neqoxec
   251 | D        | Noticed a neqoxec
   251 | D        | Noticed a neqoxec
   251 | D        | Noticed a neqoxec
   254 | D        | Gained mutation: You are dopey. (Int -2) [a neqoxec]
   256 | D        | Gained mutation: Your magical capacity is low. (-10% MP) [a
                  | neqoxec]
   263 | D        | Gained mutation: You are agile. (Dex +2) [a neqoxec]
   263 | D        | Lost intelligence.
   266 | D        | Killed a neqoxec
   266 | D        | Reached ** piety under Trog
   267 | D        | Reached skill level 11 in Fighting
   267 | D        | Reached skill level 5 in Dodging
   271 | D        | Killed a neqoxec
   272 | D        | Reached XP level 7. HP: 75/75 MP: 5/5
   277 | D        | Killed a neqoxec
   278 | D        | Reached skill level 12 in Fighting
   280 | D        | Killed a neqoxec
   319 | D        | Noticed a merfolk siren
   329 | D        | Killed a merfolk siren
   329 | D        | Reached *** piety under Trog
   330 | D        | Reached skill level 13 in Fighting
   330 | D        | Reached XP level 8. HP: 68/86 MP: 6/6
   416 | D        | Reached **** piety under Trog
   419 | D        | Reached skill level 14 in Fighting
   469 | D        | Found Wimigh's Distillery.
   469 | D        | Found Decoka Kodue's General Store.
   469 | D        | Found Oxikkah's Antique Armour Shoppe.
   469 | D        | Found Usuliuk's Distillery.
   469 | D        | Found Bilitidi's Jewellery Shoppe.
   469 | D        | Found Yting's Jewellery Emporium.
   469 | D        | Found Yvvadirch's Magic Scroll Emporium.
   469 | D        | Found Vipiklil's Jewellery Shoppe.
   470 | D        | Found Riesij Zossi's Book Shoppe.
   470 | D        | Found Kaexiwne's Weapon Emporium.
   470 | D        | Found Ceahidghas's Antique Armour Shoppe.
   470 | D        | Noticed Menkaure
   470 | D        | Noticed a cane toad
   470 | D        | Noticed a cane toad
   488 | D        | Killed Menkaure
   489 | D        | Reached skill level 15 in Axes
   489 | D        | Found Neso's Book Shoppe.
   489 | D        | Found Iptaog's Antique Weapon Emporium.
   489 | D        | Noticed an oklob plant
   489 | D        | Noticed an iron elemental
   494 | D        | Noticed a blink frog
   505 | D        | Killed a blink frog
   518 | D        | Found Kiempav's Antique Armour Shoppe.
   518 | D        | Found Plog's Book Shoppe.
   523 | D        | Bought a transparent ring mail for 198 gold pieces
   523 | D        | Identified the +3 ring mail of Xeum {+Blink rN+ Int-5} (You
                  | bought it in a shop in the Dungeon)
   523 | D        | Bought an embroidered hat for 154 gold pieces
   540 | D        | Noticed an ice dragon
   552 | D        | Bought a smoking ring mail for 216 gold pieces
   552 | D        | Identified the +1 ring mail "Domaucvaruv" {Fly rPois MP+9}
                  | (You bought it in a shop in the Dungeon)
   731 | D        | Found a glowing silver altar of Zin.
   732 | D        | Found a glowing golden altar of the Shining One.
   732 | D        | Found a basalt altar of Yredelemnul.
   732 | D        | Found a hide-covered altar of Uskayaw.
   733 | D        | Found a shimmering altar of Xom.
   733 | D        | Found a bloodstained altar of Trog.
   733 | D        | Found a radiant altar of Vehumet.
   733 | D        | Found a burning altar of Makhleb.
   734 | D        | Found an ornate altar of the Wu Jian Council.
   734 | D        | Found a shimmering blue altar of Sif Muna.
   734 | D        | Found a corrupted altar of Lugonu.
   735 | D        | Found a sacrificial altar of Ru.
   735 | D        | Found an ancient bone altar of Kikubaaqudgha.
   735 | D        | Found a white marble altar of Elyvilon.
   736 | D        | Found a stormy altar of Qazlal.
   736 | D        | Found a viscous altar of Jiyva.
   736 | D        | Found a shadowy altar of Dithmenos.
   737 | D        | Found a hazy altar of Hepliaklqana.
   737 | D        | Found a snail-covered altar of Cheibriados.
   739 | D        | Noticed a yaktaur
   739 | D        | Noticed a hornet
   739 | D        | Noticed a polar bear
   739 | D        | Noticed a polar bear
   743 | D        | Killed a polar bear
   743 | D        | Reached ***** piety under Trog
   743 | D        | Noticed a polar bear
   749 | D        | Killed a polar bear
   750 | D        | Reached skill level 15 in Fighting
   750 | D        | Reached XP level 9. HP: 97/97 MP: 7/7
   754 | D        | Received a gift from Trog
   765 | D        | Killed a yaktaur
   765 | D        | Killed a polar bear
   925 | D        | Noticed a kraken
   938 | D        | Reached skill level 16 in Fighting
  1313 | D        | Found a blossoming altar of Fedhas.
  1314 | D        | Found an opulent altar of Gozag.
  1329 | D        | Noticed a deep troll
  1332 | D        | Killed a deep troll
  1332 | D        | Noticed a deep troll
  1335 | D        | Killed a deep troll
  1336 | D        | Reached skill level 10 in Armour
  1336 | D        | Reached XP level 10. HP: 110/110 MP: 8/8
  1362 | D        | Found a sparkling altar of Nemelex Xobeh.
  1363 | D        | Found an iron altar of Okawaru.
  1370 | D        | Noticed an obsidian statue
  1424 | D        | Noticed an ice statue
  1455 | D        | Bought a shiny scale mail for 168 gold pieces
  1458 | D        | Bought a bloodstained leather armour for 154 gold pieces
  1458 | D        | Identified the +1 leather armour of Protective Custody {rF+
                  | rC+ Will- Dex+2} (You bought it in a shop in the Dungeon)
  1468 | D        | Bought a pair of embroidered gloves for 165 gold pieces
  1503 | D        | Noticed an orange crystal statue
  1505 | D        | Noticed Kirke
  1505 | D        | Noticed a yaktaur captain
  1520 | D        | Killed a yaktaur captain
  1521 | D        | Reached skill level 17 in Fighting
  1521 | D        | Reached skill level 10 in Dodging
  1532 | D        | Killed Kirke
  1532 | D        | Received a gift from Trog
  1596 | D        | Noticed a skeletal warrior
  1604 | D        | Killed a skeletal warrior
  1605 | D        | Reached skill level 18 in Fighting
  1689 | D        | Noticed a centaur warrior
  1692 | D        | Noticed an elephant
  1696 | D        | Killed a centaur warrior
  1697 | D        | Reached XP level 11. HP: 41/121 MP: 8/8
  2020 | D        | Reached ****** piety under Trog
  2028 | D        | Noticed a great orb of eyes
  2032 | D        | Killed a great orb of eyes
  2039 | D        | Received a gift from Trog
  2040 | D        | Reached skill level 19 in Fighting
  2073 | D        | Found Duastyff's Antique Armour Emporium.
  2073 | D        | Found Syomiy's Jewellery Shop.
  2074 | D        | Found Kyinteb's Armour Shop.
  2074 | D        | Found Foapnoug's Armour Shoppe.
  2074 | D        | Found Jugounoo's Jewellery Boutique.
  2074 | D        | Found Ecew's Jewellery Emporium.
  2074 | D        | Found Noliemiz's Book Shop.
  2074 | D        | Found Myxt's General Store.
  2074 | D        | Found Quucomid's Book Boutique.
  2074 | D        | Found Udoesoerua's Book Emporium.
  2074 | D        | Found Baoniw's Weapon Shop.
  2074 | D        | Found Xofuly's Book Shoppe.
  2087 | D        | Bought the ring of Anukaoni {rElec rPois rC+ Str-2} for 429
                  | gold pieces
  2088 | D        | Bought the ring of Shadows {Umbra +Inv Stlth+} for 440 gold
                  | pieces
  2088 | D        | Found the ring of Shadows {Umbra +Inv Stlth+}
  2156 | D        | Killed a kraken
  2157 | D        | Reached skill level 1 in Shields
  2371 | D        | Noticed a sixfirhy
  2374 | D        | Noticed a sixfirhy
  2378 | D        | Noticed a sixfirhy
  2378 | D        | Noticed a sun demon
  2379 | D        | Noticed a sixfirhy
  2382 | D        | Killed an obsidian statue
  2382 | D        | Received a gift from Trog
  2383 | D        | Noticed a sixfirhy
  2390 | D        | Found Wekeir's Book Shoppe.
  2391 | D        | Found Qugum's Assorted Antiques.
  2429 | D        | Killed a sixfirhy
  2430 | D        | Reached skill level 1 in Stealth
  2434 | D        | Killed a sixfirhy
  2435 | D        | Reached skill level 20 in Fighting
  2436 | D        | Killed a sixfirhy
  2439 | D        | Noticed Gastronok
  2446 | D        | Killed Gastronok
  2446 | D        | Received a gift from Trog
  2584 | D        | Noticed a dire elephant
  2584 | D        | Noticed an orc sorcerer
  2584 | D        | Noticed an orc sorcerer
  2584 | D        | Noticed an orc sorcerer
  2587 | D        | Killed an orc sorcerer
  2587 | D        | Killed an orc sorcerer
  2588 | D        | Found the +6 arbalest "Damnation" {damnation}
  2591 | D        | Killed an orc sorcerer
  2593 | D        | Killed a dire elephant
  2594 | D        | Reached XP level 12. HP: 134/134 MP: 9/9
  2664 | D        | Identified the +10 trident of Discord {holy, Will+}
  2692 | D        | Received a gift from Trog
  2693 | D        | Reached skill level 21 in Fighting
  2722 | D        | Received a gift from Trog
  2728 | D        | Reached skill level 5 in Shields
  2757 | D        | Received a gift from Trog
  3127 | D        | Noticed a deep elf blademaster
  3141 | D        | Killed a deep elf blademaster
  3207 | D        | Paralysed by a floating eye for 2 turns
  3209 | D        | Gained mutation: Potions are less effective at restoring
                  | your health. [a shining eye]
  3210 | D        | Received a gift from Trog
  3211 | D        | Reached skill level 22 in Fighting
  3212 | D        | Received a gift from Trog
  3212 | D        | Gained mutation: You are frail. (-10% HP) [a shining eye]
  3213 | D        | Reached skill level 15 in Dodging
  3213 | D        | Reached skill level 5 in Stealth
  3214 | D        | Gained mutation: You have large cloven feet. [a shining
                  | eye]
  3216 | D        | Received a gift from Trog
  3217 | D        | Lost intelligence.
  3217 | D        | Gained mutation: You are very dopey. (Int -4) [a shining
                  | eye]
  3217 | D        | Gained mutation: You sometimes lose the ability to read
                  | scrolls when taking damage. [a shining eye]
  3222 | D        | Reached skill level 23 in Fighting
  3222 | D        | Reached skill level 1 in Throwing
  3223 | D        | Gained mutation: You are very frail. (-20% HP) [a shining
                  | eye]
  3268 | D        | Identified the amulet "Cigad" {Reflect +Inv rF+ rN+ SH+5}
  3315 | D        | Lost mutation: You are agile. (Dex +2) [potion of mutation]
  3315 | D        | Lost mutation: You are very dopey. (Int -4) [potion of
                  | mutation]
  3315 | D        | Lost mutation: Potions are less effective at restoring your
                  | health. [potion of mutation]
  3315 | D        | Gained mutation: You expend magic power (3 MP) to
                  | strengthen your wands. [potion of mutation]
  3315 | D        | Gained mutation: You are very dopey. (Int -4) [potion of
                  | mutation]
  3315 | D        | Gained mutation: Your flesh is cold resistant. (rC+)
                  | [potion of mutation]
  3316 | D        | Lost mutation: Your flesh is cold resistant. (rC+) [potion
                  | of mutation]
  3316 | D        | Lost mutation: You are very dopey. (Int -4) [potion of
                  | mutation]
  3316 | D        | Gained mutation: Your spells are a little easier to cast,
                  | but a little less powerful. [potion of mutation]
  3316 | D        | Gained mutation: You are resistant to electric shocks.
                  | (rElec) [potion of mutation]
  3316 | D        | Gained mutation: Your flesh is heat resistant. (rF+)
                  | [potion of mutation]
  3317 | D        | Lost mutation: Your magical capacity is low. (-10% MP)
                  | [potion of mutation]
  3317 | D        | Lost mutation: You sometimes lose the ability to read
                  | scrolls when taking damage. [potion of mutation]
  3317 | D        | Gained mutation: You have a pair of large horns on your
                  | head. [potion of mutation]
  3317 | D        | Gained mutation: You are partially covered in iridescent
                  | scales. (AC +2) [potion of mutation]
  3318 | D        | Lost mutation: You are partially covered in iridescent
                  | scales. (AC +2) [potion of mutation]
  3318 | D        | Lost mutation: You are dopey. (Int -2) [potion of mutation]
  3318 | D        | Gained mutation: Armour fits poorly on your strangely
                  | shaped body. [potion of mutation]
  3318 | D        | Lost mutation: Your spells are a little easier to cast, but
                  | a little less powerful. [potion of mutation]
  3319 | D        | Lost mutation: You are very frail. (-20% HP) [potion of
                  | mutation]
  3319 | D        | Lost mutation: Armour fits poorly on your strangely shaped
                  | body. [potion of mutation]
  3319 | D        | Lost mutation: You have a pair of large horns on your head.
                  | [potion of mutation]
  3319 | D        | Gained mutation: You have hoof-like feet. [potion of
                  | mutation]
  3319 | D        | Gained mutation: You have hidden genetic defects. [potion
                  | of mutation]
  3330 | D        | Noticed a hellephant
  3330 | D        | Noticed a purple draconian shifter
  3330 | D        | Noticed Sonja
  3338 | D        | Killed Sonja
  3338 | D        | Received a gift from Trog
  3339 | D        | Reached XP level 13. HP: 133/133 MP: 12/12
  3343 | D        | Killed a hellephant
  3344 | D        | Killed a purple draconian shifter
  3354 | D        | Gained mutation: Potions are less effective at restoring
                  | your health. [hidden defects]
  3355 | D        | Lost mutation: You expend magic power (3 MP) to strengthen
                  | your wands. [potion of mutation]
  3355 | D        | Lost mutation: Your flesh is heat resistant. (rF+) [potion
                  | of mutation]
  3355 | D        | Lost mutation: You have hoof-like feet. [potion of
                  | mutation]
  3355 | D        | Gained mutation: Your magical capacity is low. (-10% MP)
                  | [potion of mutation]
  3355 | D        | Lost mutation: You are frail. (-10% HP) [potion of
                  | mutation]
  3356 | D        | Lost mutation: Your magical capacity is low. (-10% MP)
                  | [potion of mutation]
  3356 | D        | Lost mutation: You have hidden genetic defects. [potion of
                  | mutation]
  3356 | D        | Gained mutation: You expend magic power (3 MP) to
                  | strengthen your wands. [potion of mutation]
  3357 | D        | Lost mutation: You expend magic power (3 MP) to strengthen
                  | your wands. [potion of mutation]
  3357 | D        | Lost mutation: Potions are less effective at restoring your
                  | health. [potion of mutation]
  3357 | D        | Lost mutation: You are resistant to electric shocks.
                  | (rElec) [potion of mutation]
  3357 | D        | Gained mutation: Your mind is acute. (Int +2) [potion of
                  | mutation]
  3357 | D        | Gained mutation: You have a pair of large horns on your
                  | head. [potion of mutation]
  3357 | D        | Gained mutation: Your muscles are strong. (Str +2) [potion
                  | of mutation]
  3358 | D        | Lost mutation: Your mind is acute. (Int +2) [potion of
                  | mutation]
  3358 | D        | Lost mutation: You have large cloven feet. [potion of
                  | mutation]
  3358 | D        | Gained mutation: You passively map a small area around you.
                  | [potion of mutation]
  3358 | D        | Gained mutation: You tend to lose your temper in combat.
                  | [potion of mutation]
  3359 | D        | Lost mutation: Your muscles are strong. (Str +2) [potion of
                  | mutation]
  3359 | D        | Lost mutation: You passively map a small area around you.
                  | [potion of mutation]
  3359 | D        | Lost mutation: You tend to lose your temper in combat.
                  | [potion of mutation]
  3359 | D        | Gained mutation: You are partially covered in iridescent
                  | scales. (AC +2) [potion of mutation]
  3359 | D        | Gained mutation: You possess an exceptional clarity of
                  | mind. [potion of mutation]
  3359 | D        | Gained mutation: Your movements are slightly less
                  | encumbered by armour. (ER -2) [potion of mutation]
  3359 | D        | Gained mutation: Your muscles are strong. (Str +2) [potion
                  | of mutation]
  3360 | D        | Lost mutation: Your movements are slightly less encumbered
                  | by armour. (ER -2) [potion of mutation]
  3360 | D        | Lost mutation: You have a pair of large horns on your head.
                  | [potion of mutation]
  3360 | D        | Lost mutation: You are partially covered in iridescent
                  | scales. (AC +2) [potion of mutation]
  3360 | D        | Gained mutation: You are dopey. (Int -2) [potion of
                  | mutation]
  3360 | D        | Gained mutation: You are partially covered in iridescent
                  | scales. (AC +2) [potion of mutation]
  3361 | D        | Lost mutation: Your muscles are strong. (Str +2) [potion of
                  | mutation]
  3361 | D        | Lost mutation: You are partially covered in iridescent
                  | scales. (AC +2) [potion of mutation]
  3361 | D        | Lost mutation: You possess an exceptional clarity of mind.
                  | [potion of mutation]
  3361 | D        | Gained mutation: You are partially covered in iridescent
                  | scales. (AC +2) [potion of mutation]
  3361 | D        | Gained mutation: You are frail. (-10% HP) [potion of
                  | mutation]
  3362 | D        | Lost mutation: You are partially covered in iridescent
                  | scales. (AC +2) [potion of mutation]
  3362 | D        | Lost mutation: You are frail. (-10% HP) [potion of
                  | mutation]
  3362 | D        | Lost mutation: You are dopey. (Int -2) [potion of mutation]
  3362 | D        | Gained mutation: You are partially covered in large bone
                  | plates. (SH +4) [potion of mutation]
  3574 | D        | Found Kamuig's Distillery.
  3576 | D        | Found Erhan's Assorted Antiques.
  3578 | D        | Noticed Nessos
  3590 | D        | Killed Nessos
  3713 | D        | Reached skill level 24 in Fighting
  3721 | D        | Gained mutation: You tend to lose your temper in combat.
                  | [mutagenic glow]
  3732 | D        | Gained mutation: You are clumsy. (Dex -2) [mutagenic glow]
  3747 | D        | Gained mutation: You have large cloven feet. [mutagenic
                  | glow]
  3765 | D        | Gained mutation: Your magical capacity is low. (-10% MP)
                  | [mutagenic glow]
  3771 | D        | Noticed a storm dragon
  3775 | D        | Killed a storm dragon
  3775 | D        | Received a gift from Trog
  3783 | D        | Found Toruhy's General Store.
  3783 | D        | Found Fatzatwoq's Book Shoppe.
  3783 | D        | Found Fousat's Distillery.
  3783 | D        | Found Hakytuw's Antique Weapon Boutique.
  3783 | D        | Noticed a golden dragon
  3795 | D        | Killed a golden dragon
  3998 | D        | Identified 5 scrolls of acquirement
  3998 | D        | Acquired a manual of Stealth
  4002 | D        | Acquired the +11 crystal plate armour "Tuvoun" {rN+ rCorr
                  | Dex+3}
  4063 | D        | Acquired the amulet "Decuill" {Spirit rN++ MP+9}
  4067 | D        | Acquired the +2 cloak of Agnosticism {-Cast rF+++ rN+}
  4082 | D        | Acquired the ring of Dogma {Ice rN+++ rCorr SInv Stlth-}
  4096 | D        | Gained mutation: You are partially covered in iridescent
                  | scales. (AC +2) [mutagenic glow]
  4097 | D        | Noticed a storm dragon
  4098 | D        | Noticed a golden dragon
  4098 | D        | Noticed a cacodemon
  4099 | D        | Noticed a bone dragon
  4107 | D        | Killed a storm dragon
  4111 | D        | Gained mutation: You occasionally shout uncontrollably at
                  | your foes. [mutagenic glow]
  4186 | D        | Killed a golden dragon
  4191 | D        | Killed a cacodemon
  4192 | D        | Reached skill level 10 in Shields
  4207 | D        | Noticed a frost giant
  4220 | D        | Killed a frost giant
  4220 | D        | Received a gift from Trog
  4221 | D        | Reached skill level 25 in Fighting
  4254 | D        | Killed a bone dragon
  4269 | D        | Lost mutation: You have large cloven feet. [potion of
                  | mutation]
  4269 | D        | Lost mutation: You are partially covered in large bone
                  | plates. (SH +4) [potion of mutation]
  4269 | D        | Lost mutation: You are clumsy. (Dex -2) [potion of
                  | mutation]
  4269 | D        | Gained mutation: Your muscles are strong. (Str +2) [potion
                  | of mutation]
  4270 | D        | Lost mutation: Your magical capacity is low. (-10% MP)
                  | [potion of mutation]
  4270 | D        | Lost mutation: You are partially covered in iridescent
                  | scales. (AC +2) [potion of mutation]
  4270 | D        | Lost mutation: You tend to lose your temper in combat.
                  | [potion of mutation]
  4270 | D        | Gained mutation: Your body sometimes deteriorates upon
                  | taking damage. [potion of mutation]
  4270 | D        | Gained mutation: Your movements are slightly less
                  | encumbered by armour. (ER -2) [potion of mutation]
  4271 | D        | Lost mutation: Your body sometimes deteriorates upon taking
                  | damage. [potion of mutation]
  4271 | D        | Lost mutation: Your muscles are strong. (Str +2) [potion of
                  | mutation]
  4271 | D        | Lost mutation: You occasionally shout uncontrollably at
                  | your foes. [potion of mutation]
  4271 | D        | Gained mutation: You are agile. (Dex +2) [potion of
                  | mutation]
  4271 | D        | Gained mutation: Your spells are a little harder to cast,
                  | but a little more powerful. [potion of mutation]
  4271 | D        | Gained mutation: You are strong-willed. (Will+) [potion of
                  | mutation]
  4632 | D        | Received a gift from Trog
  4638 | D        | Noticed the 27-headed Lernaean hydra
  4811 | D        | Reached skill level 15 in Armour
  4967 | D        | Noticed a black draconian knight
  4988 | D        | Killed a black draconian knight
  4988 | D        | Received a gift from Trog
  5085 | D        | Killed the 27-headed Lernaean hydra
  5086 | D        | Reached skill level 1 in Polearms
  5086 | D        | Reached XP level 14. HP: 160/163 MP: 13/13
  5093 | D        | Found Forph's Book Shoppe.
  5114 | D        | Received a gift from Trog
  5554 | D        | Bought a +1 pair of boots of stealth for 214 gold pieces
  5595 | D        | Bought a scroll of acquirement for 520 gold pieces
  5597 | D        | Acquired 891 gold pieces
  5665 | D        | Reached skill level 26 in Fighting
  5665 | D        | Received a gift from Trog
  5953 | D        | Gained mutation: Your body sometimes deteriorates upon
                  | taking damage. [a shining eye]
  5955 | D        | Gained mutation: Your body often deteriorates upon taking
                  | damage. [a shining eye]
  5957 | D        | Gained mutation: You sometimes lose the ability to read
                  | scrolls when taking damage. [a shining eye]
  6180 | D        | Noticed an electric golem
  6191 | D        | Reached skill level 10 in Stealth
  6192 | D        | Received a gift from Trog
  6197 | D        | Killed an electric golem
  6212 | D        | Reached skill level 5 in Polearms
  6313 | D        | Noticed a deep elf master archer
  6332 | D        | Killed a deep elf master archer
  6476 | D        | Received a gift from Trog
  6482 | D        | Received a gift from Trog
  6486 | D        | Reached skill level 27 in Fighting
  6613 | D        | Noticed a curse toe
  6613 | D        | Noticed Gloorx Vloq
  6613 | D        | Noticed a vampire knight
  6614 | D        | Noticed an Executioner
  6614 | D        | Noticed an Executioner
  6616 | D        | Noticed a royal mummy
  6618 | D        | Noticed an Executioner
  6619 | D        | Noticed an emperor scorpion
  6619 | D        | Noticed an emperor scorpion
  6621 | D        | Noticed an emperor scorpion
  6622 | D        | Noticed an emperor scorpion
  6625 | D        | Noticed an Executioner
  6627 | D        | Noticed an Executioner
  6627 | D        | Noticed an Executioner
  6627 | D        | Noticed an Executioner
  6627 | D        | HP: 12/252 [poisoned by Gloorx Vloq (poison arrow)]
  6628 | D        | HP: 2/252 [poisoned by Gloorx Vloq (poison arrow)]
  6628 | D        | Killed from afar by Gloorx Vloq

Illustrated notes

Levels and vault maps discovered:
D:        the_violet_keep_of_menkaure [sprint2_stairs_cluster_1,
          sprint2_shoproom, sprint2_temple, sprint2_basic_supplies,
          sprint2_obstacle_2, sprint2_obstacle_3, sprint2_obstacle_4,
          sprint2_obstacle_5, sprint2_obstacle_1, sprint2_timed_cluster_1,
          sprint2_smallroom_cluster_1, sprint2_smallroom_final_cluster_1,
          sprint2_transparent_cluster_1, sprint2_second_timed_cluster_1,
          sprint2_sniper_area_1, sprint2_heavy_combat_area_1,
          sprint2_mutation_trap_area_1, sprint2_forest_area_1,
          sprint2_light_combat_area_1, sprint2_behind_water_1,
          sprint2_near_end_vault_1]

Skill      XL: |  1  2  3  4  5  6  7  8  9 10 11 12 13 14 |
---------------+-------------------------------------------+-----
Fighting       | 8 10 11 13 15 16 18 20 23 25 27 | 27.0
Axes           | 8 10 12 14 16 18 20 22 23 25 26 | 26.2
Armour         | 4 5 6 7 8 10 11 13 16 17 | 17.9
Dodging        | 4 5 6 7 9 11 13 15 16 | 16.5
Shields        | 4 7 12 13 | 13.6
Stealth        | 2 5 9 10 | 10.0
Throwing       | 1 |  1.7
Polearms       | 1 6 |  6.8

Action                   |  1- 3 |  4- 6 |  7- 9 | 10-12 | 13-15 || total
-------------------------+-------+-------+-------+-------+-------++-------
Melee: Hand axe          |     5 |    21 |    66 |       |       ||    92
       Headbutt          |     3 |     4 |    21 |    40 |    52 ||   120
       Punch             |       |       |     3 |       |       ||     3
       Broad axe         |       |       |    17 |   169 |   120 ||   306
       Kick              |       |       |       |     1 |    24 ||    25
       Trident           |       |       |       |       |    14 ||    14
       Executioner's axe |       |       |       |       |    73 ||    73
Throw: Javelin           |       |       |       |     1 |     1 ||     2
Invok: Berserk           |     1 |     1 |     3 |    10 |    10 ||    25
  Use: Scroll            |       |       |     6 |       |     6 ||    12
       Potion            |       |       |       |    12 |    19 ||    31
 Stab: Distracted        |       |       |       |     1 |     4 ||     5
       Sleeping          |       |       |       |     1 |     2 ||     3
Armor: Animal skin       |       |     1 |     1 |       |       ||     2
       Ring mail         |       |       |    15 |     1 |       ||    16
       Leather armour    |       |       |       |    33 |     6 ||    39
       Crystal plate arm |       |       |       |       |   196 ||   196
Dodge: Dodged            |     4 |     7 |    42 |    91 |   108 ||   252
Block: Buckler           |       |       |       |    40 |    78 ||   118
       Reflection        |       |       |       |       |     1 ||     1
       Other             |       |       |       |       |    18 ||    18
